 Dungeon Crawl Stone Soup version 0.28-a0-906-g0406aca7d3 (webtiles) character file.

Game seed: 3607576373066149965

995 vineage the Fighter (level 7, -2/96 HPs)
             Began as a Demonspawn Gladiator on Nov 23, 2021.
             Killed by divine providence
             ... invoked by an orc priest
              (12 damage)
             ... on level 5 of the Dungeon.
             The game lasted 00:07:14 (4850 turns).

vineage the Fighter (Demonspawn Gladiator)          Turns: 4850, Time: 00:07:14

Health: -2/96      AC: 23    Str: 16    XL:     7   Next: 99%
Magic:  7/7        EV:  2    Int:  9    God:
Gold:   192        SH:  0    Dex: 15    Spells: 6/6 levels left

rFire   . . .      SeeInvis +   z - +4 dagger (drain)
rCold   . . .      Faith    .   (no shield)
rNeg    . . .      Spirit   .   (armour currently unavailable)
rPois   +          Reflect  .   (helmet currently unavailable)
rElec   .          Harm     .   (cloak currently unavailable)
rCorr   .          Rampage  .   (gloves currently unavailable)
Will    .....      NoTele   +   (boots currently unavailable)
Stlth   +.........              (no amulet)
HPRegen 0.26/turn               f - ring of wizardry
MPRegen 0.10/turn               s - ring of see invisible

@: tree-form
A: stationary, stasis, torment immunity, boosted hp, (molten scales 2), demonic
guardian 1
a: no special abilities


You were on level 5 of the Dungeon.
You were a tree.
You visited 1 branch of the dungeon, and saw 5 of its levels.

You collected 192 gold pieces.

Inventory:

Hand Weapons
 z - a +4 dagger of draining (weapon)
Missiles
 d - 3 throwing nets (quivered)
Armour
 c - a +2 helmet (melded)
 i - a +0 pair of gloves (melded)
 l - a +0 chain mail (melded)
 m - a +2 cloak (melded)
Jewellery
 f - a ring of wizardry (left branch)
 s - a ring of see invisible (right branch)
Wands
 j - a wand of flame (21)
 n - a wand of digging (3)
 r - a wand of mindburst (13)
Scrolls
 b - a scroll of holy word {unknown}
 u - a scroll of noise {unknown}
 v - a scroll of summoning {unknown}
 y - a scroll of immolation {unknown}
Potions
 e - a potion of resistance
 g - a potion of invisibility
 p - a potion of attraction {unknown}
 q - a potion of brilliance {unknown}
 t - a potion of experience {unknown}


   Skills:
 + Level 9.5 Fighting
 - Level 2.6 Long Blades
 - Level 1.7 Throwing
 - Level 2.6 Dodging


You had 6 spell levels left.
You didn't know any spells.
Your spell library contained the following spells:

 Spells                   Type           Power      Damage    Failure   Level
 Blink                    Tloc           0%         N/A       24%         2
 Lesser Beckoning         Tloc           0%         N/A       43%         3
 Tukima's Dance           Hex            0%         N/A       43%         3
 Passage of Golubria      Tloc           0%         N/A       82%         4
 Manifold Assault         Tloc           0%         N/A       98%         5
 Yara's Violent Unravell  Hex/Tmut       0%         3d3       98%         5


Dungeon Overview and Level Annotations

Branches:
Dungeon (5/15)
 Temple: D:4-7

Altars:
Cheibriados
Hepliaklqana
Nemelex Xobeh
Okawaru
Vehumet
Xom
Yredelemnul


Innate Abilities, Weirdness & Mutations

You are a tree.
Your roots penetrate the ground, keeping you stationary.
You cannot be teleported.
You are immune to unholy pain and torment.
Your maximum health is greatly increased.
Your equipment is partially melded.
((You are mostly covered in molten scales. (AC +3)))
A weak demonic guardian rushes to your aid.


Message History

You hit the vampire mosquito.
The vampire mosquito is heavily damaged.
The vampire mosquito completely misses you.
The vampire mosquito bites you but does no damage.
You hit the vampire mosquito.
The vampire mosquito is severely damaged.
The vampire mosquito bites you.
* * * LOW HITPOINT WARNING * * *
The vampire mosquito draws strength from your injuries!
You closely miss the vampire mosquito.
The vampire mosquito is severely damaged.
The vampire mosquito bites you but does no damage. x2
You hit the vampire mosquito.
The vampire mosquito is severely damaged.
The vampire mosquito barely misses you.
The vampire mosquito bites you but does no damage.
You hit the vampire mosquito.
The vampire mosquito is almost destroyed.
The vampire mosquito bites you but does no damage.
The orc priest looks encouraged for a moment.
The vampire mosquito completely misses you.
You closely miss the vampire mosquito.
The vampire mosquito is almost destroyed.
The vampire mosquito bites you but does no damage.
The vampire mosquito bites you!
* * * LOW HITPOINT WARNING * * *
The vampire mosquito draws strength from your injuries!
You puncture the vampire mosquito!
The vampire mosquito is almost destroyed.
The vampire mosquito bites you but does no damage.
You puncture the vampire mosquito!
You destroy the vampire mosquito!
The orc priest begins to cast a cantrip, but forgets the words!
The orc wizard casts a spell at you.
The magic dart hits you but does no damage.
You puncture the orc!
You kill the orc!
The orc priest mumbles some strange prayers to Beogh against you.
Beogh smites you!
You die...

#....# ##.....#..........
......##......#........##
#...<.................#. .
#..##...#.).##.......... ..#
#..###.###..............
##.###..##.####.......).....
...........5.###............
#.#....†##5## #.#.###......
#.....###♣# #..#.#####....
###.....##)###..#..........
#.......#.o#.#.##.##.......
....##.....oS...##..#..#....
.........####''####...##....
.........# ..o...#..<##....
.........# .§..S..#.#.###..#
........#..§≈≈o..#.#..#...#
........#..§o§≈..#........#


You could see an orc priest (ally target), an orc wizard (invisible), an adder,
a friendly quasit (summoned) and a friendly ufetubus (summoned).

Vanquished Creatures
  The ghost of anonymous the Magician, an amateur DEIE (D:4)
  A vampire mosquito (D:5)
  An ice beast (D:3)
  A black bear (D:4)
  An ogre (D:3)
  A bullfrog skeleton (D:4)
  2 iguanas
  An orc priest (D:3)
  4 hounds (D:4)
  2 orc wizards (D:4)
  Robin (D:3)
  An adder (D:5)
  An adder zombie (D:5)
  4 worms
  5 dart slugs
  20 orcs
  5 ball pythons
  5 endoplasms
  2 giant cockroaches (D:4)
  25 goblins
  9 hobgoblins
  3 jackals (D:3)
  6 kobolds
  2 quokkas
  2 bats
  4 frilled lizards
  5 rats
115 creatures vanquished.

Notes
Turn   | Place    | Note
-------+----------+-------------------------------------------
     0 | D:1      | vineage the Demonspawn Gladiator began the quest for the
                  | Orb.
     0 | D:1      | Reached XP level 1. HP: 16/16 MP: 1/1
   385 | D:1      | Gained mutation: You are partially covered in molten
                  | scales. (AC +2) [demonic ancestry]
   385 | D:1      | Reached XP level 2. HP: 23/23 MP: 2/2
   692 | D:1      | Reached skill level 3 in Fighting
   939 | D:1      | Found a faded altar of an unknown god.
  1735 | D:2      | Gained mutation: You are mostly covered in molten scales.
                  | (AC +3) [demonic ancestry]
  1735 | D:2      | Reached XP level 3. HP: 29/29 MP: 3/3
  2103 | D:3      | Found a radiant altar of Vehumet.
  2135 | D:3      | Noticed Robin
  2147 | D:3      | Killed Robin
  2148 | D:3      | Reached skill level 4 in Fighting
  2284 | D:3      | Noticed an ice beast
  2305 | D:3      | Killed an ice beast
  2306 | D:3      | Reached skill level 5 in Fighting
  2306 | D:3      | Gained mutation: A weak demonic guardian rushes to your
                  | aid. [demonic ancestry]
  2306 | D:3      | Reached XP level 4. HP: 5/39 MP: 4/4
  2306 | D:3      | Reached XP level 5. HP: 5/44 MP: 5/5
  3115 | D:3      | Reached skill level 6 in Fighting
  3223 | D:3      | Found a sparkling altar of Nemelex Xobeh.
  3223 | D:3      | Found a basalt altar of Yredelemnul.
  3223 | D:3      | Found an iron altar of Okawaru.
  3393 | D:3      | Noticed an ogre
  3425 | D:3      | Killed an ogre
  3426 | D:3      | Reached XP level 6. HP: 40/53 MP: 6/6
  3593 | D:4      | Reached skill level 7 in Fighting
  3940 | D:4      | Noticed anonymous's ghost (amateur DEIE)
  3942 | D:4      | Found a transporter.
  3946 | D:4      | Found a transporter.
  4166 | D:4      | Reached skill level 8 in Fighting
  4166 | D:4      | Reached XP level 7. HP: 51/62 MP: 7/7
  4383 | D:4      | Found a snail-covered altar of Cheibriados.
  4390 | D:4      | Found a hazy altar of Hepliaklqana.
  4394 | D:4      | Found a shimmering altar of Xom.
  4479 | D:4      | Killed anonymous's ghost
  4546 | D:5      | Entered Level 5 of the Dungeon
  4610 | D:5      | Reached skill level 9 in Fighting
  4821 | D:5      | Noticed a vampire mosquito
  4849 | D:5      | Killed a vampire mosquito
  4850 | D:5      | Killed from afar by an orc priest

Illustrated notes

Levels and vault maps discovered:
D:1:      lemuel_arrival_behind_the_door_large, layout_basic,
          shapermc_ecumenical_altar_notcrosses, supply_closet_lemuel,
          nrook_mini_backslash, lemuel_flame_loot_1
D:2:      layout_basic, minmay_misc_feat_cross
D:3:      layout_loops_corners, gammafunk_temple_overflow_claw,
          vehumet_altar_wand_db, minmay_ogre_servants, uniq_robin
D:4:      minmay_angry_zag, layout_rooms, minitemple, gammafunk_ghost_arena
D:5:      layout_cave_pools, elyvilon_altar_4, minmay_temple_entry_crystal_x,
          serial_shops, shop, kennysheep_generic_room_7

Skill      XL: |  1  2  3  4  5  6  7 |
---------------+----------------------+-----
Fighting       | 3 5 6 8 9 |  9.5
Long Blades    | |  2.6
Throwing       | |  1.7
Dodging        | |  2.6

Action                   |  1- 3 |  4- 6 |  7- 9 || total
-------------------------+-------+-------+-------++-------
Melee: Long sword        |    22 |       |       ||    22
       Dagger            |    97 |   192 |    94 ||   383
  Use: Scroll            |     4 |     1 |     3 ||     8
       Potion            |     1 |       |     3 ||     4
Armor: Leather armour    |     9 |       |       ||     9
       Chain mail        |    48 |   110 |    54 ||   212
       Skin              |       |       |    12 ||    12
Dodge: Dodged            |    37 |    68 |    38 ||   143

Table legend: (Time is in decaauts)
 A = Elapsed time spent in this place.
 B = Non-inter-level travel time spent in this place.
 C = Inter-level travel time spent in this place.
 D = Time resting spent in this place.
 E = Time spent auto-exploring this place.
 F = Levels seen in this place.
 G = Mean time per level.
                   A        B        C        D        E       F      G
               +--------+--------+--------+--------+--------+-----+--------+
         Total |   4831 |   4611 |    220 |    272 |   3564 |   5 |  966.2 |
       Dungeon |   4831 |   4611 |    220 |    272 |   3564 |   5 |  966.2 |
               +--------+--------+--------+--------+--------+-----+--------+

Top non-repeatable levels by time:
     D:3: 1561 daAuts
     D:1: 1103 daAuts
     D:4: 1001 daAuts
     D:2: 866 daAuts
     D:5: 299 daAuts
